 Dungeon Crawl Stone Soup version 0.32-a0-42-ga30500b4d3 (webtiles) character file.

Game seed: 14600500847029720754

4480 cforsyth the Fighter (level 10, 0/82 HPs)
             Began as a Djinni Reaver on Jan 29, 2024.
             Was a Follower of Elyvilon.
             Slain by a warg (20 damage)
             ... on level 10 of the Dungeon.
             The game lasted 00:21:26 (10250 turns).

cforsyth the Fighter (Djinni Reaver)               Turns: 10250, Time: 00:21:26

Health: 0/82       AC:  9    Str: 16    XL:     10   Next: 64%
Gold:   713        EV:  9    Int: 19    God:    Elyvilon [*.....] SH:  0 Dex: 12

rFire   + + +        I - +0 falchion (elec)
rCold   . . .        (no shield)
rNeg    . . .        v - +0 scale mail of the Lily {Str+5}
rPois   ∞            t - +0 helmet
rElec   .            E - scarf {rC+ rF+}
rCorr   .            e - +1 pair of gloves {Stlth+}
SInv    .            (boots unavailable)
Will    ++...        h - amulet of regeneration
Stlth   +            d - ring of willpower
HPRegen 1.13/turn    (no ring)
MPRegen 0.00/turn

%: infuse magic (-1 HP)
@: immotile, flying
A: sickness immunity, fire resistance 2, cold vulnerability 1, float, innate
caster, HP casting, extra vitality 1
a: Renounce Religion, Purification


You were on level 10 of the Dungeon.
You worshipped Elyvilon.
Elyvilon was aware of your devotion.
You visited 2 branches of the dungeon, and saw 11 of its levels.
You also visited: Ossuary.

You collected 713 gold pieces.

Inventory:

Hand Weapons
 I - a +0 falchion of electrocution (weapon)
Armour
 e - a +1 pair of gloves of stealth (worn)
 t - a +0 helmet (worn)
 v - the +0 scale mail of the Lily (worn) {Str+5}
   (You took it off a kobold on level 2 of the Dungeon)

   Str+5:     It affects your strength (+5).
 E - a scarf of resistance (worn)
Jewellery
 d - a ring of willpower (left hand)
 h - an amulet of regeneration (around neck)
 z - an amulet of faith
 F - an amulet of reflection
Wands
 x - a wand of paralysis (5)
 H - a wand of polymorph (8)
Scrolls
 b - a scroll of brand weapon {unknown}
 f - 3 scrolls of fog {unknown}
 g - a scroll of enchant armour
 k - 3 scrolls of blinking {unknown}
 l - 4 scrolls of enchant weapon
 n - a scroll of butterflies
 p - 2 scrolls of fear
 u - 3 scrolls of teleportation
 B - a scroll of silence {unknown}
 C - a scroll of acquirement
 G - 2 scrolls of identify
Potions
 a - 3 potions of haste
 c - 5 potions of lignification
 i - 3 potions of enlightenment
 j - 5 potions of curing
 m - a potion of ambrosia {unknown}
 o - a potion of mutation
 q - a potion of heal wounds
 r - 2 potions of berserk rage {unknown}
 w - a potion of resistance {unknown}
 A - a potion of cancellation {unknown}
 D - 2 potions of attraction {unknown}


   Skills:
 + Level 11.0 Fighting
 - Level 2.6 Short Blades
 - Level 2.1 Dodging
 + Level 8.6 Spellcasting
 + Level 8.6 Conjurations
 + Level 8.6 Hexes
 + Level 8.6 Summonings
 + Level 8.6 Necromancy
 + Level 8.6 Translocations
 + Level 8.6 Fire Magic
 + Level 8.6 Ice Magic
 + Level 8.6 Air Magic
 + Level 8.6 Earth Magic
 + Level 8.6 Alchemy


You knew the following spells:

 Your Spells              Type           Power      Damage    Failure   Level
a - Kiss of Death         Conj/Necr      100%       2d13      1%          1
b - Momentum Strike       Conj/Tloc      82%        3d10      1%          2
c - Hailstorm             Conj/Ice       41%        3d9       2%          3
d - Shock                 Conj/Air       100%       1d9       1%          1
e - Mercury Vapours       Alch/Air       82%        N/A       1%          2
f - Swiftness             Air            41%        N/A       2%          3
g - Summon Ice Beast      Ice/Summ       41%        N/A       2%          3
Your spell library was empty.

Dungeon Overview and Level Annotations

Branches:
Dungeon (10/15)            Temple (1/1) D:7            Lair (0/5) D:8
Ossuary (visited)
    Orc: D:9-12

Altars:
Ashenzari
Cheibriados
Dithmenos
Elyvilon
Fedhas
Gozag
Hepliaklqana
Makhleb
Nemelex Xobeh
Okawaru
Qazlal
Ru
Trog
Uskayaw
Wu Jian
Xom
Yredelemnul
Zin
The Shining One

Shops:
D:8 (


Innate Abilities, Weirdness & Mutations

You are immune to sickness and miasma.
You are immune to poison.
Your flesh is very heat resistant. (rF++)
You are vulnerable to cold. (rC-)
You float through the air rather than walking.
You learn spells naturally, not from books.
Your magical power is your life essence.
You have superior vitality. (+4 MHP)


Message History

You hit the warg but do no damage.
The warg is severely wounded.
The warg bites you but does no damage.
You closely miss the warg.
The warg is severely wounded.
The warg bites you! x2
You completely miss the warg.
The warg is severely wounded.
The warg bites you but does no damage. x2
You closely miss the warg.
The warg is severely wounded.
The warg bites you! x2
* * * LOW HITPOINT WARNING * * *
You hit the warg but do no damage.
The warg is severely wounded.
The warg bites you.
* * * LOW HITPOINT WARNING * * *
The warg completely misses you.
Casting: Hailstorm (mildly dangerous; 2% risk of failure)
Confirm with . or Enter, or press ? or * to list all spells.
Aiming: Momentum Strike (safe; 1% risk of failure)
Press: ? - help, Dir - move target, f - warg
Aim: a warg (severely wounded, 70% to hit)
The concentrated momentum hits the warg!
The warg is almost dead.
You are unable to move.
* * * LOW HITPOINT WARNING * * *
The warg bites you but does no damage.
Aiming: Paralyse
Press: ? - help, Shift-Dir - straight line, f/p - warg
Aim: a warg (almost dead, chance to affect: 31%)
Okay, then.
Unknown command.
You feel much better. The warg bites you!
* * * LOW HITPOINT WARNING * * *
The warg barely misses you.
You hit the warg but do no damage.
The warg is almost dead.
The warg bites you!!
You die...

........##...~≈≈≈≈≈
........#....~.~~~≈
........#.#..^...~.
........#.#..##.###
...................
...........########
...####.##<#
.........####
........)h@.#
........###.#
........# #)#
........###)#
#.........))####
#..........))..###
...##.............
#.............
.................


You could see a warg.

Vanquished Creatures
  A shadow (D:9)
  A wyvern (D:8)
  A warg (D:8)
  Duvessa (D:5)
  2 water moccasins
  An orc warrior (D:6)
  2 wolves
  2 phantoms (D:5)
  2 kobold brigands (D:10)
  A weeping skull (Ossuary)
  A gnoll sergeant (D:8)
  2 scorpions (D:4)
  4 bullfrogs
  7 water moccasin zombies (Ossuary)
  Dowan (D:5)
  11 killer bees
  An electric eel (D:10)
  3 hounds
  A bombardier beetle (D:4)
  2 spectral scorpions (Ossuary)
  8 orc priests
  2 iguanas
  Natasha (thrice) (D:3)
  8 orc wizards
  A crocodile zombie (Ossuary)
  2 mummies (Ossuary)
  Robin (D:2)
  8 gnolls
  6 adders
  A shadow imp (D:6)
  2 white imps
  2 ufetubi (D:5)
  An adder zombie (Ossuary)
  2 dart slugs
  4 ribbon worms
  31 orcs
  11 ball pythons
  4 bats
  4 endoplasms
  21 goblins
  5 hobgoblins
  5 jackals
  2 quokkas
  7 frilled lizards
  8 gnoll zombies (Ossuary)
  4 jackal zombies (Ossuary)
  17 kobolds
  An orc zombie (Ossuary)
  5 rats
223 creatures vanquished.

Vanquished Creatures (collateral kills)
  A troll (D:9)
  2 orc warriors (D:9)
  3 orc priests
  A sleepcap (D:5)
  An iguana (D:5)
  2 orc wizards (D:9)
  3 orcs (D:9)
13 creatures vanquished.

Grand Total: 236 creatures vanquished

Notes
Turn   | Place    | Note
-------+----------+-------------------------------------------
     0 | D:1      | cforsyth the Djinni Reaver began the quest for the Orb.
     0 | D:1      | cforsyth set off with the following spells memorised: Kiss
                  | of Death, Momentum Strike, Hailstorm.
     0 | D:1      | Reached XP level 1. HP: 18/18 MP: 0/0
    88 | D:1      | Reached XP level 2. HP: 18/23 MP: 0/0
   724 | D:1      | Reached XP level 3. HP: 29/29 MP: 0/0
   724 | D:1      | Learned a level 1 spell: Shock
  1218 | D:2      | Reached skill level 3 in Fighting
  1228 | D:2      | Identified the +0 scale mail of the Lily {Str+5}
  1288 | D:2      | Noticed Robin
  1350 | D:2      | Reached XP level 4. HP: 23/35 MP: 0/0
  1848 | D:2      | Killed Robin
  2459 | D:3      | Noticed Natasha
  2470 | D:3      | Killed Natasha
  2471 | D:3      | Reached XP level 5. HP: 30/41 MP: 0/0
  2471 | D:3      | Learned a level 2 spell: Mercury Vapours
  2564 | D:3      | Found an opulent altar of Gozag.
  2610 | D:3      | Reached skill level 4 in Fighting
  3006 | D:2      | Reached XP level 6. HP: 29/48 MP: 0/0
  3135 | D:3      | Found a glowing golden altar of the Shining One.
  3370 | D:3      | Noticed Natasha
  3376 | D:3      | Killed Natasha
  3668 | D:3      | Noticed Natasha
  3679 | D:3      | Killed Natasha
  3776 | D:3      | Found a glowing golden altar of the Shining One.
  3822 | D:3      | Found an opulent altar of Gozag.
  4134 | D:4      | Reached skill level 5 in Fighting
  4193 | D:4      | Reached XP level 7. HP: 48/54 MP: 0/0
  4193 | D:4      | Learned a level 3 spell: Swiftness
  4428 | D:4      | You are sucked into a shaft and drop 2 floors!
  4430 | D:6      | Identified a scroll of acquirement
  4430 | D:6      | Acquired a +0 pair of gloves of stealth
  4696 | D:6      | Noticed a water moccasin
  4700 | D:6      | Killed a water moccasin
  4701 | D:6      | Reached skill level 5 in Spellcasting
  4701 | D:6      | Reached skill level 5 in Conjurations
  4701 | D:6      | Reached skill level 5 in Hexes
  4701 | D:6      | Reached skill level 5 in Summonings
  4701 | D:6      | Reached skill level 5 in Necromancy
  4701 | D:6      | Reached skill level 5 in Translocations
  4701 | D:6      | Reached skill level 5 in Fire Magic
  4701 | D:6      | Reached skill level 5 in Ice Magic
  4701 | D:6      | Reached skill level 5 in Air Magic
  4701 | D:6      | Reached skill level 5 in Earth Magic
  4701 | D:6      | Reached skill level 5 in Alchemy
  4754 | D:6      | Found a sand-covered staircase.
  4758 | Ossuary  | Entered an ossuary
  4769 | Ossuary  | Reached skill level 6 in Fighting
  4798 | Ossuary  | Reached XP level 8. HP: 54/61 MP: 0/0
  4905 | Ossuary  | Reached skill level 7 in Fighting
  5761 | D:7      | Found a shimmering altar of Xom.
  5931 | D:7      | Found a staircase to the Ecumenical Temple.
  5940 | Temple   | Entered the Ecumenical Temple
  5988 | Temple   | Became a worshipper of Elyvilon the Healer
  6229 | D:5      | Entered Level 5 of the Dungeon
  6299 | D:5      | Noticed Dowan
  6330 | D:5      | Killed Dowan
  6351 | D:5      | Found an iron altar of Okawaru.
  6541 | D:5      | Reached XP level 9. HP: 66/70 MP: 0/0
  6541 | D:5      | Learned a level 3 spell: Summon Ice Beast
  6546 | D:5      | Reached * piety under Elyvilon
  6588 | D:5      | Reached skill level 8 in Fighting
  6746 | D:5      | Noticed Duvessa
  6754 | D:5      | Was placed under penance by Elyvilon
  6755 | D:5      | Killed Duvessa
  7176 | D:4      | Found a snail-covered altar of Cheibriados.
  7785 | D:8      | Reached skill level 9 in Fighting
  7791 | D:8      | Found a sparkling altar of Nemelex Xobeh.
  7952 | D:8      | Found a burning altar of Makhleb.
  7957 | D:8      | Found a bloodstained altar of Trog.
  7957 | D:8      | Found a shadowy altar of Dithmenos.
  8485 | D:8      | Was forgiven by Elyvilon
  8498 | D:8      | Reached XP level 10. HP: 78/78 MP: 0/0
  8842 | D:8      | Found a staircase to the Lair.
  8952 | D:8      | Found Xizxes's Weapon Shoppe.
  9002 | D:8      | Reached skill level 10 in Fighting
  9898 | D:9      | Found a hazy altar of Hepliaklqana.
  9972 | D:9      | Found a stormy altar of Qazlal.
 10159 | D:10     | Entered Level 10 of the Dungeon
 10241 | D:10     | Reached skill level 11 in Fighting
 10250 | D:10     | Slain by a warg

Illustrated notes

Levels and vault maps discovered:
D:1:      orjb1_lava_funnel, layout_basic
D:2:      layout_basic, uniq_robin
D:3:      layout_basic, grunt_gozag_statues, led_sif_book,
          mainiacjoe_overflow_small_starburst, uniq_natasha
D:4:      layout_basic, slow_altar_1, kennysheep_small_square
D:5:      layout_basic, mainiacjoe_overflow_concentric_impassable, uniq_duvessa
D:6:      layout_loops_corners, enter_ossuary_5
D:7:      layout_rooms, mainiacjoe_overflow_alcove_2, minmay_temple_entry_hall,
          minmay_misc_feat_x
D:8:      layout_basic, mainiacjoe_overflow_catwalk, grunt_temple_overflow_open,
          erik_lair_orcish_takeover, serial_shops, shop
D:9:      layout_basic, kiku_gazebo_garden_becter,
          worldfamousw_hep_ancestral_shrine, nicolae_qazlal_style_of_elements,
          minmay_misc_feat_nine_boxes
D:10:     statuecave_lemuel, layout_basic, erik_orc_4, serial_shops,
          nicolae_take_the_stairs, uniq_nergalle
Temple:   jpeg_temple_island

Skill      XL: |  1  2  3  4  5  6  7  8  9 10 |
---------------+-------------------------------+-----
Spellcasting   | 3 4 5 6 7 8 |  8.6
Conjurations   | 3 4 5 6 7 8 |  8.6
Hexes          | 3 4 5 6 7 8 |  8.6
Summonings     | 3 4 5 6 7 8 |  8.6
Necromancy     | 3 4 5 6 7 8 |  8.6
Translocations | 3 4 5 6 7 8 |  8.6
Fire Magic     | 3 4 5 6 7 8 |  8.6
Ice Magic      | 3 4 5 6 7 8 |  8.6
Air Magic      | 3 4 5 6 7 8 |  8.6
Earth Magic    | 3 4 5 6 7 8 |  8.6
Alchemy        | 3 4 5 6 7 8 |  8.6
Fighting       | 3 4 5 6 7 9 11 | 11.0
Short Blades   | |  2.6
Dodging        | |  2.1

Action                     |  1- 3 |  4- 6 |  7- 9 | 10-12 || total
---------------------------+-------+-------+-------+-------++-------
  Melee: Short sword       |    38 |       |   206 |    69 ||   313
         Punch             |     1 |       |     7 |     1 ||     9
         Dagger            |    84 |   147 |    74 |       ||   305
         Falchion          |       |    70 |   196 |    11 ||   277
   Cast: Momentum Strike   |       |     2 |    15 |    10 ||    27
         Hailstorm         |       |     2 |    28 |    29 ||    59
         Kiss of Death     |       |     1 |     2 |       ||     3
         Mercury Vapours   |       |       |     1 |    18 ||    19
         Summon Ice Beast  |       |       |     3 |    11 ||    14
         Swiftness         |       |       |     1 |       ||     1
  Evoke: Wand              |       |       |     4 |       ||     4
    Use: Scroll            |       |       |    17 |       ||    17
         Potion            |       |       |     1 |     1 ||     2
   Stab: Paralysed         |       |       |     5 |       ||     5
 Armour: Leather armour    |   100 |    45 |       |       ||   145
         Scale mail        |       |   110 |   432 |   125 ||   667
  Dodge: Dodged            |    97 |   113 |   231 |    63 ||   504

Table legend: (Time is in decaauts)
 A = Elapsed time spent in this place.
 B = Non-inter-level travel time spent in this place.
 C = Inter-level travel time spent in this place.
 D = Time resting spent in this place.
 E = Time spent auto-exploring this place.
 F = Levels seen in this place.
 G = Mean time per level.
                   A        B        C        D        E       F      G
               +--------+--------+--------+--------+--------+-----+--------+
         Total |  10238 |   9768 |    470 |   1229 |   6047 |  12 |  853.2 |
       Dungeon |   9779 |   9341 |    438 |   1192 |   5957 |  10 |  977.9 |
        Temple |     80 |     48 |     32 |      0 |      0 |   1 |   80.0 |
       Ossuary |    378 |    378 |      0 |     37 |     90 |   1 |  378.0 |
               +--------+--------+--------+--------+--------+-----+--------+

Top non-repeatable levels by time:
     D:3: 1448 daAuts
     D:1: 1350 daAuts
     D:2: 1240 daAuts
     D:8: 1104 daAuts
     D:9: 1031 daAuts
     D:6: 968 daAuts
     D:5: 940 daAuts
     D:7: 881 daAuts
     D:4: 721 daAuts
 Ossuary: 378 daAuts
    D:10: 91 daAuts
  Temple: 80 daAuts
